 Dungeon Crawl Stone Soup version 0.20-a0-1108-g6ae5986 (webtiles) character file.

6067 JiminyMac the Cleaver (level 10, -16/91 HPs)
             Began as a Minotaur Berserker on May 5, 2017.
             Was a High Priest of Trog.
             Killed from afar by an ogre mage (39 damage)
             ... with a crystal spear
             ... on level 9 of the Dungeon on May 6, 2017.
             The game lasted 00:31:47 (9699 turns).

JiminyMac the Cleaver (Minotaur Berserker)          Turns: 9699, Time: 00:31:47

Health: -16/91     AC: 17    Str: 23    XL:     10   Next: 57%
Magic:  9/9        EV:  8    Int:  6    God:    Trog [*****.]
Gold:   471        SH:  0    Dex: 12    Spells: 9/9 levels left

rFire    . . .     SeeInvis .   K - +1 battleaxe (venom)
rCold    . . .     Gourm    .   (shield currently unavailable)
rNeg     . . .     Faith    .   N - +0 plate armour
rPois    .         Spirit   .   (helmet restricted)
rElec    .         Reflect  .   r - +0 cloak
rCorr    .         Harm     .   f - +0 pair of gloves
MR       ++...                  (no boots)
Stlth    ..........             (no amulet)
Regen    1.3/turn               e - +2 ring of intelligence
MPRegen  0.2/turn               (no ring)

@: regenerating, slowed, very slow
A: retaliatory headbutt, horns 2
a: Berserk, Trog's Hand, Brothers in Arms, Burn Spellbooks, Renounce Religion


You were on level 9 of the Dungeon.
You worshipped Trog.
Trog was extremely pleased with you.
You were hungry.

You visited 1 branch of the dungeon, and saw 9 of its levels.

You collected 471 gold pieces.

Inventory:

Hand Weapons
 y - a +0 hand axe of draining
 K - a +1 battleaxe of venom (weapon)
Armour
 f - a +0 pair of gloves (worn)
 r - a +0 cloak (worn)
 N - a +0 plate armour (worn)
Jewellery
 e - a +2 ring of intelligence (left hand)
Wands
 h - a wand of lightning (6/15)
 o - a wand of flame (29/48)
 q - a wand of digging (8/24)
 L - a wand of iceblast (12/15)
Scrolls
 a - a scroll of identify
 d - a scroll of noise
 m - a scroll of fear {unknown}
 n - 4 scrolls of teleportation
 p - a scroll of fog {unknown}
 t - 3 scrolls of amnesia {unknown}
 u - a scroll of magic mapping {unknown}
 v - a scroll of recharging {unknown}
 z - 2 scrolls of remove curse
 G - a scroll of enchant weapon {unknown}
 I - a scroll of random uselessness {unknown}
Potions
 b - a potion of brilliance {unknown}
 g - 2 potions of cancellation
 l - 5 potions of curing
 s - 2 potions of degeneration
 x - 5 potions of lignification
 A - a potion of mutation {unknown}
 C - 3 potions of agility
 D - a potion of resistance {unknown}
 F - a potion of might {unknown}
 H - a potion of berserk rage {unknown}
 J - 2 potions of invisibility {unknown}
Books
 E - a book of Geomancy

   Spells                             Type                      Level
   a - Sandblast                      Earth                        1
   b - Passwall                       Transmutation/Earth          2
   c - Stone Arrow                    Conjuration/Earth            3
   d - Petrify                        Transmutation/Earth          4
   e - Lee's Rapid Deconstruction     Earth                        5
   Trog disapproves of the use of such an item.
 M - a book of Callings

   Spells                             Type                      Level
   a - Summon Small Mammal            Summoning                    1
   b - Call Imp                       Summoning                    2
   c - Call Canine Familiar           Summoning                    3
   d - Summon Guardian Golem          Hexes/Summoning              3
   e - Summon Lightning Spire         Summoning/Air                4
   f - Summon Ice Beast               Ice/Summoning                4
   Trog disapproves of the use of such an item.
 O - a book of Debilitation

   Spells                             Type                      Level
   a - Corona                         Hexes                        1
   b - Slow                           Hexes                        2
   c - Inner Flame                    Hexes/Fire                   3
   d - Portal Projectile              Hexes/Translocation          3
   e - Cause Fear                     Hexes                        4
   f - Leda's Liquefaction            Hexes/Earth                  4
   Trog disapproves of the use of such an item.
Comestibles
 c - 7 bread rations
 j - a royal jelly
 k - 15 fruits
 B - a meat ration


   Skills:
 + Level 9.2 Fighting
 * Level 14.2 Axes
 + Level 9.5 Armour
 - Level 2.1 Dodging


You had 9 spell levels left.
You didn't know any spells.

Dungeon Overview and Level Annotations

Branches:
Dungeon (9/15)             Temple (0/1) D:5             Orc (0/2) D:9
   Lair: D:8-11

Altars:
Ashenzari
Cheibriados
Dithmenos
Elyvilon
Fedhas
Makhleb
Nemelex Xobeh
Okawaru
Ru
Sif Muna
Trog
Uskayaw
Wu Jian
Yredelemnul

Shops:
D:6 }   D:8 [


Innate Abilities, Weirdness & Mutations

You reflexively headbutt those who attack you in melee.
You have a pair of horns on your head.


Message History

The deep elf archer wields an uncursed shortbow.
The deep elf archer shoots an arrow.
You hear a roar!
A deep elf archer comes into view. It is wielding a shortbow.
You hear a shout!
The ogre mage barely misses you. You furiously retaliate!
You headbutt the ogre mage. The ogre mage hits you with a whip.
You slash the ogre mage!
The ogre mage is poisoned.
You headbutt the ogre mage!
The ogre mage is moderately wounded.
You closely miss something. Something hits you!
* * * LOW HITPOINT WARNING * * *
The ogre mage hits you with a whip.
* * * LOW HITPOINT WARNING * * *
Something hits you but does no damage.
You slice the ogre mage!! You headbutt the ogre mage.
The ogre mage is almost dead.
You hit something but do no damage.
The ogre mage points at you and mumbles some strange words.
The crystal spear hits you!
You die...

######### ##########..#
..÷.....# #.........#.#
######### #.#.#.#.#.#.##
.#..### #.#.#.#.##..#
.'..'.# #.......#...#
##..#.# ##.....##...#
#####.# #.#.#.#...##
##...## ## ##.#.##...#
.#.### #=# ##@O.#...##
.##.# #.##.#.##.#.#
..#.## #†e##.#....#
#.##.## ####.##....#
'..#..# #..##....#
#..##.#########.##.....#
#...##.........##......#
#....#.#########.......#
#....##......###.+##...#


You could see an ogre mage and a deep elf archer.

Vanquished Creatures
  A great orb of eyes (D:9)
  A catoblepas (D:9)
  A two-headed ogre (D:8)
  A spiny frog (shapeshifter) (D:9)
  Prince Ribbit (D:7)
  Sigmund (D:2)
  A redback (D:9)
  A wyvern (D:8)
  A hungry ghost (D:8)
  Menkaure (D:4)
  2 ice beasts
  A sky beast (D:7)
  An orc warrior (D:8)
  5 ogres
  2 phantoms
  2 centaurs (D:7)
  2 big kobolds (D:7)
  4 bullfrogs
  A scorpion (D:4)
  4 wights (D:8)
  A howler monkey (D:7)
  A crimson imp (D:6)
  3 hounds
  A quasit (D:6)
  A jelly (D:8)
  5 orc priests
  2 centaur skeletons
  Jessica (D:3)
  4 iguanas
  Natasha (thrice) (D:2)
  4 worker ants
  Robin (D:2)
  A worker ant zombie (D:5)
  3 gnolls (D:3)
  A howler monkey skeleton (D:5)
  12 adders
  2 shadow imps
  6 worms
  A dart slug (D:1)
  9 leopard geckos
  25 orcs
  5 giant cockroaches
  17 goblins
  6 hobgoblins
  6 jackals (D:1)
  17 kobolds
  2 quokkas
  5 bats
  6 frilled lizards
  A jackal skeleton (D:7)
  A leopard gecko skeleton (D:8)
  A leopard gecko zombie (D:6)
  6 rats
194 creatures vanquished.

Notes
Turn   | Place    | Note
-------+----------+-------------------------------------------
     0 | D:1      | JiminyMac the Minotaur Berserker began the quest for the Orb.
     0 | D:1      | Reached XP level 1. HP: 19/19 MP: 0/0
   163 | D:1      | Reached skill level 4 in Axes
   399 | D:1      | Reached XP level 2. HP: 24/26 MP: 1/1
   961 | D:2      | Reached skill level 5 in Axes
   961 | D:2      | Reached XP level 3. HP: 30/31 MP: 2/2
  1314 | D:2      | Noticed Sigmund
  1328 | D:2      | Killed Sigmund
  1328 | D:2      | Reached skill level 7 in Axes
  1328 | D:2      | Reached XP level 4. HP: 39/39 MP: 3/3
  1328 | D:2      | Reached XP level 5. HP: 45/45 MP: 4/4
  1344 | D:2      | Reached ** piety under Trog
  1493 | D:2      | Found a deep blue altar of Sif Muna.
  1494 | D:2      | Noticed Natasha
  1501 | D:2      | Killed Natasha
  1559 | D:2      | Noticed Natasha
  1565 | D:2      | Killed Natasha
  1683 | D:2      | Noticed Robin
  1699 | D:3      | Reached skill level 8 in Axes
  1699 | D:3      | Reached XP level 6. HP: 51/51 MP: 5/5
  2023 | D:2      | Killed Robin
  2174 | D:2      | Noticed Natasha
  2176 | D:2      | Killed Natasha
  2355 | D:2      | Reached *** piety under Trog
  2653 | D:3      | Found a sparkling altar of Nemelex Xobeh.
  2853 | D:3      | Found a sacrificial altar of Ru.
  2890 | D:3      | Reached skill level 9 in Axes
  3079 | D:3      | Reached XP level 7. HP: 35/57 MP: 6/6
  3253 | D:3      | Noticed Jessica
  3259 | D:3      | Killed Jessica
  3349 | D:4      | Found an iron altar of Okawaru.
  3840 | D:4      | Noticed Menkaure
  3846 | D:4      | Killed Menkaure
  3846 | D:4      | Reached skill level 10 in Axes
  3846 | D:4      | Reached skill level 5 in Armour
  4013 | D:4      | Got a fine leather armour
  4024 | D:4      | Identified the cursed +1 leather armour of Peowuck {MR+ SInv} (You found it on level 4 of the Dungeon)
  4274 | D:4      | Found a blossoming altar of Fedhas.
  4348 | D:4      | Reached XP level 8. HP: 67/67 MP: 7/7
  4549 | D:5      | Entered Level 5 of the Dungeon
  4665 | D:5      | Reached **** piety under Trog
  4766 | D:5      | Found a staircase to the Ecumenical Temple.
  4842 | D:5      | Reached skill level 5 in Fighting
  5168 | D:5      | Found a white marble altar of Elyvilon.
  5169 | D:5      | Found a shadowy altar of Dithmenos.
  5171 | D:5      | Found a shattered altar of Ashenzari.
  5171 | D:5      | Found a basalt altar of Yredelemnul.
  5710 | D:6      | Found Dewkif's Gadget Boutique.
  5811 | D:6      | Found an ornate altar of the Wu Jian Council.
  6010 | D:7      | Reached skill level 11 in Axes
  6406 | D:7      | Found a hide-covered altar of Uskayaw.
  6491 | D:7      | Noticed Prince Ribbit
  6500 | D:7      | Killed Prince Ribbit
  6500 | D:7      | Reached XP level 9. HP: 78/78 MP: 8/8
  6551 | D:7      | Reached skill level 12 in Axes
  8278 | D:8      | Found Zisuil's Armour Emporium.
  8319 | D:8      | Found a burning altar of Makhleb.
  8326 | D:8      | Noticed a moth of wrath
  8340 | D:8      | Found a bloodstained altar of Trog.
  8347 | D:8      | Reached ***** piety under Trog
  8712 | D:8      | Found a snail-covered altar of Cheibriados.
  8896 | D:9      | Found a staircase to the Orcish Mines.
  8899 | D:9      | Noticed a two-headed ogre
  8906 | D:8      | Reached skill level 13 in Axes
  8934 | D:8      | Killed a two-headed ogre
  8934 | D:8      | Reached XP level 10. HP: 80/88 MP: 9/9
  9326 | D:9      | Found a runed door.
  9329 | D:9      | Found a runed door.
  9329 | D:9      | Noticed a catoblepas
  9361 | D:9      | Killed a catoblepas
  9672 | D:9      | Noticed a spiny frog
  9673 | D:9      | Noticed a great orb of eyes
  9677 | D:9      | Killed a spiny frog
  9680 | D:9      | Noticed an ogre mage
  9683 | D:9      | Killed a great orb of eyes
  9683 | D:9      | Reached skill level 14 in Axes
  9697 | D:9      | Noticed a deep elf archer
  9699 | D:9      | Killed from afar by an ogre mage

Vault maps used:
D:1:      minmay_arrival_shoal_huts
D:2:      lemuel_round_altar, nrook_loot_triangle, uniq_natasha, uniq_sigmund,
          uniq_robin
D:3:      lemuel_round_altar, first_bread, serial_curves, eino_curves_03,
          eino_curves_04, eino_curves_01, lemuel_statue_altar, uniq_jessica
D:4:      okawaru_metal_pillars_3, fedhas_altar_1, uniq_menkaure
D:5:      chequers_temple_overflow_statue_of_worship,
          minmay_temple_entry_large_hall
D:6:      lemuel_round_altar, serial_shops, shop
D:7:      eat_drink_and_be_merry_uskayaw, uniq_prince_ribbit1
D:8:      cheibrodos_worm_habitat, nicolae_overflow_crystal_walls, tgw_trog,
          serial_shops, nicolae_shop_behind_doors
D:9:      david_orc_3, minivault_4, the_bakery, moated_statue,
          minmay_the_grid_triangle_9x9_recursive_2, uniq_grum, uniq_erica,
          uniq_joseph

Skill      XL: |  1  2  3  4  5  6  7  8  9 10 |
---------------+-------------------------------+-----
Axes           | 4 5 7 8 9 10 11 13 14 | 14.2
Armour         | 4 5 7 8 9 |  9.5
Fighting       | 4 6 8 9 |  9.2
Dodging        | |  2.1

Action                   |  1- 3 |  4- 6 |  7- 9 | 10-12 || total
-------------------------+-------+-------+-------+-------++-------
Melee: Hand axe          |    49 |   144 |   231 |       ||   424
       Headbutt          |     5 |    23 |    63 |    18 ||   109
       Battleaxe         |       |       |    37 |    43 ||    80
Invok: Berserk           |     1 |     3 |     8 |     1 ||    13
       Trog's Hand       |       |       |       |     1 ||     1
  Use: Scroll            |       |       |    12 |       ||    12
       Potion            |       |       |       |     2 ||     2
 Stab: Sleeping          |     1 |       |       |       ||     1
       Distracted        |       |       |     1 |       ||     1
       Petrified         |       |       |       |     1 ||     1
  Eat: Chunk             |     1 |    10 |    22 |     3 ||    36
       Bread ration      |       |       |     1 |       ||     1
Armor: Animal skin       |    14 |     1 |       |       ||    15
       Ring mail         |       |    41 |     5 |       ||    46
       Leather armour    |       |       |     8 |       ||     8
       Chain mail        |       |       |    72 |       ||    72
       Plate armour      |       |       |       |    28 ||    28
Dodge: Dodged            |    30 |    82 |   103 |    10 ||   225
